 Dungeon Crawl Stone Soup version 0.27-a0-1188-g73eefd5def (webtiles) character file.

Game seed: 16182035182078041041

43 bisexualwizard the Chopper (level 3, 0/33 HPs)
             Began as a Hill Orc Abyssal Knight on May 21, 2021.
             Was a Believer of Lugonu.
             Succumbed to an adder's poison
             ... on level 1 of the Dungeon.
             The game lasted 00:02:01 (1415 turns).

bisexualwizard the Chopper (HOAK)                   Turns: 1415, Time: 00:02:02

Health: 0/33       AC:  5    Str: 15    XL:     3   Next: 58%
Magic:  5/5        EV: 10    Int: 12    God:    Lugonu [**....]
Gold:   52         SH:  0    Dex: 10    Spells: 2/2 levels left

rFire    . . .     SeeInvis .   a - +1 hand axe
rCold    . . .     Faith    .   (no shield)
rNeg     . . .     Spirit   .   f - +0 ring mail
rPois    .         Reflect  .   (no helmet)
rElec    .         Harm     .   (no cloak)
rCorr    .         Rampage  .   (no gloves)
Will     .....                  (no boots)
Stlth    ..........             (no amulet)
HPRegen  0.11/turn              (no ring)
MPRegen  0.09/turn              (no ring)

@: lethally poisoned (0 -> -1)
A: no striking features
a: Renounce Religion, Depart the Abyss, Bend Space


You were on level 1 of the Dungeon.
You worshipped Lugonu.
Lugonu was pleased with you.
You visited 1 branch of the dungeon, and saw 2 of its levels.
You visited the Abyss 1 time.

You collected 52 gold pieces.

Inventory:

Hand Weapons
 a - a +1 hand axe (weapon)
Armour
 b - a +0 leather armour
 f - a +0 ring mail (worn)
Scrolls
 c - 2 scrolls of identify {unknown}
 d - a scroll of fear {unknown}
 e - a scroll of teleportation {unknown}
 g - a scroll of enchant weapon {unknown}


   Skills:
 - Level 3.7 Fighting
 * Level 4.8 Axes
 - Level 2.1 Armour
 - Level 0.7 Dodging
 + Level 2.8 Invocations


You had 2 spell levels left.
You didn't know any spells.
Your spell library was empty.

Dungeon Overview and Level Annotations

Branches:
Dungeon (2/15)

Altars:

Shops:
D:1 =


Message History

You closely miss the adder. The adder bites you.
You hit the adder.
The adder is lightly wounded.
The adder bites you but does no damage. The adder bites you.
You are poisoned.
The adder poisons you!
You hit the adder.
The adder is moderately wounded.
You feel sick. The adder bites you.
You hit the adder.
The adder is heavily wounded.
You feel sick. The adder bites you but does no damage. The adder bites you.
You are more poisoned.
The adder poisons you!
You hit the adder.
You kill the adder!
Lugonu accepts your kill.
* * * LOW HITPOINT WARNING * * *
You feel sick.
You barely miss the frilled lizard.
* * * LOW HITPOINT WARNING * * *
You feel sick. The frilled lizard barely misses you.
You aren't carrying any potions.
You barely miss the frilled lizard.
You feel sick. The frilled lizard bites you.
* * * LOW HITPOINT WARNING * * *
You miss the frilled lizard.
* * * LOW HITPOINT WARNING * * *
You feel sick.
The frilled lizard completely misses you.
You completely miss the frilled lizard.
* * * LOW HITPOINT WARNING * * *
You feel sick.
The frilled lizard bites you but does no damage.
You miss the frilled lizard.
* * * LOW HITPOINT WARNING * * *
You feel sick.
The frilled lizard bites you but does no damage.
You closely miss the frilled lizard.
You die...

#############
#............
######.###########
#.................
#.####.###########
#.# #.# #.# #.#
######.####.#
#.....@.....#
#.####l##############
#####'##
#>)............##
#......#
#.#######.......#
#......# #.#
#.....∩.# #....†.#
#.# #.......##
#......# #.#
#........# #......#
#.# #........#
#......###.#
#...####.#


You could see a frilled lizard.

Vanquished Creatures
  An adder (D:1)
  2 bats (D:1)
  An endoplasm (D:1)
  A giant cockroach (D:1)
  4 hobgoblins (D:1)
  7 jackals (D:1)
  2 quokkas (D:1)
  3 frilled lizards (D:1)
  8 kobolds (D:1)
  2 rats (D:1)
31 creatures vanquished.

Vanquished Creatures (others)
  4 plants (D:1)
4 creatures vanquished.

Grand Total: 35 creatures vanquished

Notes
Turn   | Place    | Note
-------+----------+-------------------------------------------
     0 | Abyss:1  | bisexualwizard the Hill Orc Abyssal Knight began the quest
                  | for the Orb.
     0 | Abyss:1  | Reached XP level 1. HP: 19/19 MP: 2/2
    53 | D:1      | Escaped the Abyss
   102 | D:1      | Found Riutrel's Jewellery Emporium.
   217 | D:1      | Reached skill level 3 in Axes
   388 | D:1      | Reached XP level 2. HP: 23/27 MP: 3/3
   573 | D:1      | Reached skill level 4 in Axes
   582 | D:1      | Reached XP level 3. HP: 23/33 MP: 5/5
   688 | D:1      | Found a faded altar of an unknown god.
   780 | D:1      | Reached ** piety under Lugonu
  1414 | D:1      | HP: 1/33 [poisoned by an adder]
  1415 | D:1      | Succumbed to an adder's poison

Illustrated notes

Levels and vault maps discovered:
D:1:      heliophobic_arrival_glass_houses, layout_basic,
          hellmonk_ecumenical_altar_heavens_door, serial_shops, shop,
          lexackson_kobold_supper
D:2:      layout_basic

Skill      XL: |  1  2 |
---------------+-------+-----
Axes           | 3 4 |  4.8
Fighting       | |  3.7
Armour         | |  2.1
Dodging        | |  0.7
Invocations    | |  2.8

Action                   || total
-------------------------++-------
Melee: Hand axe          ||    95
Armor: Leather armour    ||    28
       Ring mail         ||    12
Dodge: Dodged            ||    47

Table legend: (Time is in decaauts)
 A = Elapsed time spent in this place.
 B = Non-inter-level travel time spent in this place.
 C = Inter-level travel time spent in this place.
 D = Time resting spent in this place.
 E = Time spent auto-exploring this place.
 F = Levels seen in this place.
 G = Mean time per level.
                   A        B        C        D        E       F      G
               +--------+--------+--------+--------+--------+-----+--------+
         Total |   1425 |   1375 |     50 |    213 |    954 |   3 |  475.0 |
       Dungeon |   1372 |   1322 |     50 |    213 |    910 |   2 |  686.0 |
         Abyss |     53 |     53 |      0 |      0 |     44 |   1 |   53.0 |
               +--------+--------+--------+--------+--------+-----+--------+

Top non-repeatable levels by time:
     D:1: 1366 daAuts
 Abyss:1: 53 daAuts
     D:2: 6 daAuts
